General information
- name: 1v1 PROS with PROABORTION
- type: Custom game
- host: O_o)HosT
- saver: why_i_aorta
map: EchoIsles
- players: 12
- length: 15:12
- speed: Fast
- version: 1.24 W3XP
- replay type: Public
» download(90 KB)
Players
team 1 (loser)
ProAbortion (
green | 126 APM | 1908 actions | 15:11)
5 Pandaren Brewmaster
3 Breath of Fire
2 Drunken Brawler
» actions
| Assign group hotkey | 45 | |
| Basic commands | 154 | |
| Build / train | 74 | |
| ESC pressed | 1 | |
| Enter build submenu | 23 | |
| Enter hero's abilities submenu | 5 | |
| Right click | 520 | |
| Select / deselect | 468 | |
| Select group hotkey | 547 | |
| Use ability | 70 | |
1908 total
» units
| Peasant | 21 | |
| Footman | 12 | |
| Forest Troll Shadow Priest | 8 | |
| Forest Troll Berserker | 4 | |
| Mud Golem | 7 | |
| Ogre Mauler | 5 | |
57 total
» upgrades
» buildings
| Barracks | 1 | |
| Farm | 7 | |
| Altar of Kings | 1 | |
| Scout Tower | 8 | |
| Arcane Tower | 2 | |
| Arcane Vault | 1 | |
| Town Hall | 1 | |
| Lumber Mill | 1 | |
| Guard Tower | 5 | |
27 total
» build order
00:09 Barracks
00:19 Farm
00:22 Altar of Kings
00:43 Farm
01:39 Farm
01:58 Scout Tower
02:29 Arcane Tower
03:04 Farm
04:28 Arcane Vault
05:04 Town Hall
05:11 Scout Tower
05:12 Scout Tower
05:44 Arcane Tower
05:50 Lumber Mill
06:07 Farm
06:12 Scout Tower
06:22 Scout Tower
06:54 Guard Tower
07:24 Guard Tower
07:58 Guard Tower
08:02 Scout Tower
08:06 Farm
08:59 Farm
09:18 Guard Tower
10:46 Scout Tower
10:47 Scout Tower
11:14 Guard Tower
» items
| Scroll of Regeneration | 1 | |
| Lesser Clarity Potion | 1 | |
2 total
team 2 (winner)
LaG.TT.Yoked (
orange | 78 APM | 1180 actions | 15:11)
3 Death Knight
2 Death Coil
1 Unholy Aura
1 Pandaren Brewmaster
1 Breath of Fire
» actions
| Assign group hotkey | 16 | |
| Basic commands | 17 | |
| Build / train | 56 | |
| ESC pressed | 3 | |
| Enter build submenu | 20 | |
| Enter hero's abilities submenu | 5 | |
| Remove unit from queue | 4 | |
| Right click | 534 | |
| Select / deselect | 348 | |
| Select group hotkey | 125 | |
| Use ability | 52 | |
1180 total
» units
| Acolyte | 10 | |
| Ghoul | 10 | |
| Crypt Fiend | 3 | |
| Abomination | 2 | |
| Obsidian Statue | 3 | |
28 total
» upgrades
» buildings
| Crypt | 1 | |
| Altar of Darkness | 2 | |
| Ziggurat | 4 | |
| Tomb of Relics | 2 | |
| Halls of the Dead | 2 | |
| Graveyard | 1 | |
| Black Citadel | 2 | |
| Slaughterhouse | 4 | |
| Spirit Tower | 3 | |
21 total
» build order
00:04 Crypt
00:07 Altar of Darkness
00:25 Ziggurat
01:05 Tomb of Relics
01:48 Ziggurat
02:48 Halls of the Dead
02:48 Halls of the Dead
04:51 Graveyard
05:29 Black Citadel
05:30 Black Citadel
07:25 Ziggurat
07:40 Ziggurat
08:15 Slaughterhouse
09:04 Slaughterhouse
09:14 Slaughterhouse
09:50 Slaughterhouse
09:52 Spirit Tower
09:52 Spirit Tower
10:26 Tomb of Relics
11:27 Spirit Tower
13:02 Altar of Darkness
» items
| Rod of Necromancy | 1 | |
| Potion of Healing | 2 | |
| Scroll of Town Portal | 1 | |
| Orb of Corruption | 1 | |
| Scroll of Healing | 1 | |
6 total
observersFullOfNoobsHere,
egamaD,
ZHiNTa,
indigo-kid,
HP[Apprentice],
mao_student,
Katun,
why_i_aorta,
zG.waRfaRe,
Serabyss. Chat log
(00:00 / All) ProAbortion: This game was hosted by GHost++ (forum.codelain.com). Hosting services brought to you by Clan OwNu @ USEAST.
(00:19 / Observers) FullOfNoobsHere: yoked is good, right?
(00:31 / Observers) ZHiNTa: clan Lag is good
(00:33 / Observers) FullOfNoobsHere: i think i already seen a yoked
(00:36 / Observers) ZHiNTa: but i cant know is fake or real
(00:43 / Observers) FullOfNoobsHere: dunno if it was this one or not
(00:56 / All) ProAbortion: sup bruh
(01:00 / All) LaG.TT.Yoked: nm bru
(01:30 / All) LaG.TT.Yoked: forgot how fun this game was
(01:31 / All) ProAbortion: whys the host so bad
(01:32 / All) LaG.TT.Yoked: too much sc2
(01:33 / All) ProAbortion: its usually good
(01:36 / All) ProAbortion: sc2 sux dick
(01:41 / All) LaG.TT.Yoked: i like it :O
(01:56 / Observers) FullOfNoobsHere: who her prefer SC2 to WC3?
(01:58 / Observers) FullOfNoobsHere: here
(02:02 / Observers) egamaD: wc3 ofc
(02:17 / Observers) FullOfNoobsHere: wow
(02:19 / Observers) FullOfNoobsHere: superman peasant!
(02:23 / Observers) FullOfNoobsHere: 150 damage!
(02:59 / Observers) FullOfNoobsHere: proabortion
(03:04 / Observers) FullOfNoobsHere: is playing with that panda
(03:08 / Observers) FullOfNoobsHere: as if it was a BM
(03:09 / Observers) FullOfNoobsHere: lol
(03:27 / Observers) FullOfNoobsHere: oops footman
(03:47 / Observers) why_i_aorta: panda got exp tome?
(03:51 / Observers) FullOfNoobsHere: yes
(03:57 / Observers) FullOfNoobsHere: one XP one agi
(03:58 / Observers) Katun: lucky
(04:25 / Observers) Katun: ud has bad harass
(04:34 / Observers) FullOfNoobsHere: level 3 panda
(04:36 / All) LaG.TT.Yoked: ...
(04:39 / Observers) FullOfNoobsHere: now, go and rape those acolytes!
(04:41 / All) ProAbortion: wat
(04:41 / Observers) Katun: serious?
(04:53 / Observers) FullOfNoobsHere: serious what?
(05:04 / Observers) Katun: ud
(05:05 / Observers) Katun: sigh
(05:09 / Observers) Katun: his ne is ok
(05:12 / Observers) Katun: his ud is so bad
(05:21 / Observers) why_i_aorta: hu is doing some weird shit
(05:25 / Observers) why_i_aorta: so it might be throwing him off
(05:26 / Observers) FullOfNoobsHere: if the undead
(05:28 / Observers) FullOfNoobsHere: was
(05:29 / Observers) FullOfNoobsHere: named
(05:30 / Observers) FullOfNoobsHere: Locust
(05:41 / Observers) FullOfNoobsHere: there would be no problem to own proabortion
(05:52 / Observers) FullOfNoobsHere: Locust is such a weird undead
(06:25 / Observers) zG.waRfaRe: nig better make some wood ghouls xD
(06:26 / Observers) FullOfNoobsHere: i really
(06:28 / Observers) FullOfNoobsHere: tell you
(06:33 / Observers) FullOfNoobsHere: search for Locust replay
(06:39 / Observers) FullOfNoobsHere: he's amazing undead
(06:47 / Observers) ZHiNTa: o panda
(06:48 / Observers) ZHiNTa: :D
(06:53 / Observers) ZHiNTa: im afk ~~
(07:43 / All) ProAbortion: egamaD has left the game voluntarily.
(08:24 / Observers) FullOfNoobsHere: seriously, who think undead can still win?
(08:34 / Observers) why_i_aorta: hes tier3
(08:43 / Observers) FullOfNoobsHere: and?
(08:51 / Observers) why_i_aorta: he can get lich, orb, destro
(08:56 / Observers) why_i_aorta: if he wants
(09:01 / Observers) FullOfNoobsHere: wouldnt be enough
(09:07 / Observers) FullOfNoobsHere: panda level 4
(09:10 / Observers) why_i_aorta: hu is still tier1
(09:12 / Observers) Katun: how did he kill two twoers- -
(09:14 / Observers) FullOfNoobsHere: rape those acolytes, and soon level 5
(09:28 / Observers) why_i_aorta: he needs lich
(09:29 / Observers) FullOfNoobsHere: full mana panda
(09:39 / Observers) FullOfNoobsHere: gonna own those ghouls
(09:40 / Observers) HP[Apprentice]: so much mercs aha
(09:40 / Observers) why_i_aorta: ye hu wins
(10:18 / Observers) FullOfNoobsHere: still 240 mana on panda
(10:27 / Observers) FullOfNoobsHere: 180
(10:30 / Observers) why_i_aorta: make a lich
(10:42 / Observers) FullOfNoobsHere: panda gonna kill panda
(10:50 / Observers) FullOfNoobsHere: next breath
(11:09 / Observers) FullOfNoobsHere: gg panda
(11:52 / Observers) FullOfNoobsHere: gg DK
(11:57 / Observers) FullOfNoobsHere: bof and dead
(12:08 / Observers) FullOfNoobsHere: lvl 5
(12:36 / Observers) FullOfNoobsHere: ok, i'm out.
(12:39 / Observers) FullOfNoobsHere: this game is over
(12:49 / All) ProAbortion: FullOfNoobsHere has left the game voluntarily.
(12:52 / Observers) ZHiNTa: panda is so imba
(12:54 / Observers) ZHiNTa: :O
(13:05 / All) ProAbortion: zG.waRfaRe has left the game voluntarily.
(13:12 / All) ProAbortion: Katun has left the game voluntarily.
(13:20 / All) ProAbortion: ZHiNTa has left the game voluntarily.
(13:22 / All) ProAbortion: Serabyss. has left the game voluntarily.
(13:54 / All) ProAbortion: brah?
(14:19 / All) ProAbortion: breh
(14:22 / All) ProAbortion: u rage afk?
(14:31 / All) LaG.TT.Yoked: naw just kinda thinking
(14:40 / All) ProAbortion: 'bout what
(14:48 / All) LaG.TT.Yoked: bout how much i miss this game tbh
(14:54 / All) LaG.TT.Yoked: wish i had stuck to it
(15:01 / All) ProAbortion: oO
(15:02 / All) ProAbortion: k breh
(15:06 / All) LaG.TT.Yoked: gg man
(15:09 / All) ProAbortion: gg brah
(15:11 / All) ProAbortion: LaG.TT.Yoked has left the game voluntarily.
(15:11 / All) ProAbortion: ProAbortion has left the game voluntarily.